[Event "Caplin British Online"]
[Site "chess.com INT"]
[Date "2021.01.03"]
[Round "9.1"]
[White "Tanmay, Chopra"]
[Black "Adams, Michael"]
[Result "1/2-1/2"]
[WhiteElo "2123"]
[BlackElo "2590"]
[ECO "E12"]
[Opening "Queen's Indian"]
[Variation "4.Nc3"]
[TimeControl "3600+15"]
[EventDate "2020.12.21"]
[BlackFideId "400041"]

1. d4 Nf6 2. c4 e6 3. Nf3 b6 4. Nc3 Bb4 5. e3 Bb7 6. Bd2 c5 7. Bd3 cxd4 8.
exd4 O-O 9. O-O d5 10. cxd5 Nxd5 11. Qe2 Nd7 12. Nxd5 Bxd2 13. Qe4 g6 14.
Ne7+ Qxe7 15. Qxb7 Bf4 16. Bb5 Rfd8 17. g3 Bd6 18. Rac1 Ne5 19. Ba6 Rab8
20. Qe4 Nxf3+ 21. Qxf3 b5 22. Rc6 Bc7 23. Rfc1 Bb6 24. Bxb5 Rxd4 25. R6c2
Rbd8 26. Bf1 R4d5 27. Qc3 Bd4 28. Qb3 Qf6 29. Bg2 R5d6 30. Qf3 Bxb2 31.
Qxf6 Bxf6 32. Bc6 Bd4 33. Kg2 Bb6 34. Ba4 Kg7 35. Bb3 Rd3 36. Re2 g5 37. h3
h5 38. Rc4 Rd2 39. Rxd2 Rxd2 40. Rc2 Rd3 41. Re2 Kf6 42. g4 h4 43. Bc2 Rc3
44. Bb3 Rd3 45. Bc2 Rd4 46. Kf3 Ke7 47. Re4 Rd2 48. Re2 Rd5 49. Bb3 Rd4 50.
Rc2 Rd3+ 51. Kg2 Kd6 52. Bc4 Rd4 53. Bb3 a5 54. Rc4 Rd3 55. Rc2 Bc5 56. Bc4
Rd4 57. a4 Rf4 58. Bb5 f5 59. Rd2+ Bd4 60. gxf5 exf5 61. f3 Ke5 62. Re2+
Kf6 63. Rc2 Ke5 64. Re2+ Kd5 65. Rd2 g4 66. fxg4 fxg4 67. hxg4 Rxg4+ 68.
Kh3 Rf4 69. Rg2 Bf6 70. Rg4 Rf3+ 71. Kg2 Rc3 72. Rg6 h3+ 73. Kh1 Be5 74.
Rg1 Bf4 75. Re1 Bg3 76. Rd1+ Ke4 77. Bd7 Bc7 78. Re1+ Kf4 79. Rd1 Kg5 80.
Rg1+ Kh4 81. Rg4+ Kh5 82. Rg1 Rc2 83. Rd1 Bf4 84. Rf1 Bd6 85. Rd1 Bc7 86.
Kg1 Bb6+ 87. Kh1 Kh4 88. Rb1 Be3 89. Re1 Rc3 90. Rd1 Kg3 91. Bf5 Ra3 92.
Re1 Bf4 93. Rg1+ Kf2 94. Bd7 Rd3 95. Bb5 Rd2 96. Rf1+ Kg3 97. Rg1+ Kh4 98.
Rf1 Be5 99. Rf3 Rd1+ 100. Rf1 Rd2 101. Rf3 Kg4 102. Rd3 Rh2+ 103. Kg1 Rg2+
104. Kh1 Bg3 105. Bd7+ Kf4 106. Rd1 Ra2 107. Rf1+ Kg5 108. Rd1 Be5 109.
Rg1+ Kh4 110. Rd1 Bf4 111. Bb5 Rh2+ 112. Kg1 Rc2 113. Kh1 Be3 114. Re1 Rc3
115. Kh2 Rc2+ 116. Kh1 Bb6 117. Rd1 Ra2 118. Bd7 Be3 119. Re1 Bd2 120. Rb1
Bf4 121. Rf1 Bb8 122. Rb1 Bf4 1/2-1/2

[Event "Caplin British Online"]
[Site "chess.com INT"]
[Date "2021.01.03"]
[Round "9.2"]
[White "Wadsworth, Matthew J"]
[Black "Turner, Matthew J"]
[Result "1-0"]
[WhiteElo "2443"]
[BlackElo "2469"]
[ECO "A15"]
[Opening "English, 1...Nf6 (Anglo-Indian defense)"]
[TimeControl "3600+15"]
[EventDate "2020.12.21"]
[BlackFideId "402893"]
[WhiteFideId "415804"]

1. c4 Nf6 2. g3 g6 3. Bg2 Bg7 4. Nf3 c6 5. O-O O-O 6. b3 Ne4 7. d4 d5 8.
Bb2 Bf5 9. e3 Nd7 10. Qe2 Bg4 11. h3 Bxf3 12. Bxf3 f5 13. Nc3 Nxc3 14. Bxc3
e6 15. Rfc1 Nf6 16. cxd5 exd5 17. b4 a6 18. a4 Ne4 19. Be1 Qe7 20. Rab1 Ng5
21. b5 axb5 22. Bb4 Qe6 23. Bxf8 Bxf8 24. axb5 Ra2 25. Qxa2 Nxf3+ 26. Kf1
f4 27. gxf4 Qxh3+ 28. Ke2 Qg4 29. bxc6 bxc6 30. Rxc6 Ne5+ 31. Kd2 Qf3 32.
Rxg6+ hxg6 33. Kc3 Nc4 34. Qc2 Qg4 35. Rb8 Qg1 36. Qb1 Qg2 37. Qb4 1-0

[Event "Caplin British Online"]
[Site "chess.com INT"]
[Date "2021.01.03"]
[Round "9.3"]
[White "Fernandez, Daniel Howard"]
[Black "Ghasi, Ameet K"]
[Result "0-1"]
[WhiteElo "2324"]
[BlackElo "2310"]
[ECO "B40"]
[Opening "Sicilian defence"]
[TimeControl "3600+15"]
[EventDate "2020.12.21"]
[BlackFideId "409200"]
[WhiteFideId "2015390"]

1. e4 c5 2. Nf3 e6 3. g3 b6 4. Bg2 Bb7 5. Nc3 Nf6 6. e5 Nd5 7. Nxd5 Bxd5 8.
b3 Nc6 9. Bb2 Rc8 10. O-O Be7 11. c4 Bxf3 12. Bxf3 Nd4 13. Bxd4 cxd4 14. a3
a5 15. Be2 d6 16. exd6 Qxd6 17. Bd3 O-O 18. f4 g6 19. Qf3 Qc6 20. Kg2 Kg7
21. Qxc6 Rxc6 22. Be4 Rc7 23. d3 Rb8 24. g4 f5 25. Bf3 b5 26. gxf5 gxf5 27.
Bd1 Kf6 28. Ra2 Bd6 29. Rf3 Rg7+ 30. Kf1 bxc4 31. dxc4 Rbg8 32. Rd2 Bxa3
33. Rdd3 Rg4 34. Rxd4 Bc5 35. Rfd3 Rg1+ 36. Ke2 R8g2+ 37. Kf3 Rxh2 38. Rd2
Rh3+ 39. Kf2 Rhg3 40. Ke2 Bxd4 41. Rxd4 h5 42. Rd8 h4 43. Rh8 h3 44. c5
R3g2+ 0-1

[Event "Caplin British Online"]
[Site "chess.com INT"]
[Date "2021.01.03"]
[Round "9.4"]
[White "Lalic, Bogdan"]
[Black "Grieve, Harry"]
[Result "1/2-1/2"]
[WhiteElo "2339"]
[BlackElo "2429"]
[ECO "D30"]
[Opening "QGD Slav"]
[TimeControl "3600+15"]
[EventDate "2020.12.21"]
[BlackFideId "426520"]
[WhiteFideId "409081"]

1. d4 d5 2. c4 e6 3. Nf3 c6 4. Nbd2 Nf6 5. e3 Bd6 6. Bd3 Nbd7 7. e4 dxe4 8.
Nxe4 Nxe4 9. Bxe4 O-O 10. O-O f5 11. Bc2 e5 12. c5 Be7 13. Bb3+ Kh8 14.
Nxe5 Nxe5 15. dxe5 Qa5 16. Bf4 Qxc5 17. Rc1 Qb4 18. Rc4 Qb6 19. Qh5 Bd7 20.
Bg5 Bxg5 21. Qxg5 1/2-1/2

[Event "Caplin British Online"]
[Site "chess.com INT"]
[Date "2021.01.03"]
[Round "9.5"]
[White "Cox, Tristan A"]
[Black "Finn, Chris"]
[Result "1/2-1/2"]
[WhiteElo "2027"]
[BlackElo "2082"]
[ECO "E46"]
[Opening "Nimzo-Indian"]
[Variation "4.e3 O-O"]
[TimeControl "3600+15"]
[EventDate "2020.12.21"]

1. d4 Nf6 2. c4 e6 3. Nc3 Bb4 4. e3 O-O 5. Bd2 d5 6. Nf3 c5 7. a3 Bxc3 8.
Bxc3 Ne4 9. Rc1 Nxc3 10. Rxc3 cxd4 11. Nxd4 e5 12. Nf3 d4 13. exd4 e4 14.
Nd2 Qxd4 15. Be2 Nc6 16. O-O Rd8 17. Nb3 Qxc3 18. Qxd8+ Nxd8 19. bxc3 Be6
20. Nc5 Rc8 21. Rd1 Kf8 22. Nxe4 Ke7 23. c5 f5 24. Ng5 h6 25. Nxe6 Nxe6 26.
Bf3 1/2-1/2

[Event "Caplin British Online"]
[Site "chess.com INT"]
[Date "2021.01.03"]
[Round "9.6"]
[White "Stubbs, Oliver"]
[Black "Ismail, Mohammed Aayan"]
[Result "1/2-1/2"]
[WhiteElo "2031"]
[BlackElo "2129"]
[ECO "A46"]
[Opening "Queen's pawn game"]
[TimeControl "3600+15"]
[EventDate "2020.12.21"]

1. d4 Nf6 2. Nf3 e6 3. Bf4 c5 4. e3 Nc6 5. Nbd2 d5 6. c3 Bd6 7. Bg3 O-O 8.
Bd3 Qe7 9. Ne5 Bxe5 10. dxe5 Nd7 11. Nf3 f6 12. exf6 Nxf6 13. Ne5 Nxe5 14.
Bxe5 Nd7 15. Bg3 Nf6 16. O-O c4 17. Bc2 e5 18. e4 dxe4 19. Qe2 Qc5 20. Bxe4
Nxe4 21. Qxe4 Bf5 22. Qxe5 Qxe5 23. Bxe5 Rfe8 24. Rfe1 Bc2 25. f4 Kf7 26.
Kf2 h5 27. Re2 Bd3 28. Re3 Rad8 29. Rd1 Bf5 30. Rxd8 Rxd8 31. Bd4 b6 32.
Re5 g6 33. b3 cxb3 34. axb3 Be6 35. b4 Rd5 36. Re2 Rb5 37. Kg3 a5 38. bxa5
bxa5 39. Re5 Rxe5 40. Bxe5 a4 41. Bd6 Kf6 42. Kf2 Kf5 43. Ke3 Bd5 44. g3
Bb7 45. Ba3 Bc6 46. c4 Kg4 47. Kf2 Kf5 1/2-1/2

[Event "Caplin British Online"]
[Site "chess.com INT"]
[Date "2021.01.03"]
[Round "9.7"]
[White "Hebden, Mark L"]
[Black "O'Gorman, Tom"]
[Result "1-0"]
[WhiteElo "2159"]
[BlackElo "2278"]
[ECO "B14"]
[Opening "Caro-Kann"]
[Variation "Panov-Botvinnik attack, 5...e6"]
[TimeControl "3600+15"]
[EventDate "2020.12.21"]
[BlackFideId "2508249"]
[WhiteFideId "400084"]

1. e4 c6 2. d4 d5 3. exd5 cxd5 4. c4 Nf6 5. Nc3 e6 6. Nf3 Be7 7. cxd5 Nxd5
8. Bd3 O-O 9. O-O Nc6 10. Re1 Nxc3 11. bxc3 b6 12. Qc2 g6 13. Bh6 Re8 14.
h4 Bf8 15. Qd2 Bb7 16. Bxf8 Rxf8 17. Qh6 Qf6 18. h5 Rfd8 19. hxg6 hxg6 20.
Ng5 Rd5 21. Qh7+ Kf8 22. Nxe6+ Ke7 23. Nc7+ Kd6 24. Qh2+ 1-0

[Event "Caplin British Online"]
[Site "chess.com INT"]
[Date "2021.01.03"]
[Round "9.9"]
[White "Toczek, Grzegorz"]
[Black "Wills, Tom"]
[Result "1-0"]
[WhiteElo "2152"]
[BlackElo "1918"]
[ECO "B22"]
[Opening "Sicilian"]
[Variation "Alapin's variation (2.c3)"]
[TimeControl "3600+15"]
[EventDate "2020.12.21"]

1. e4 c5 2. c3 Nf6 3. e5 Nd5 4. d4 cxd4 5. Nf3 e6 6. cxd4 d6 7. Bc4 Nb6 8.
Bd3 Nc6 9. O-O Ne7 10. Nc3 Ng6 11. Ne4 dxe5 12. dxe5 Be7 13. h4 Nd5 14. g3
Qc7 15. Bb5+ Bd7 16. Bxd7+ Qxd7 17. h5 Nf8 18. Bg5 f6 19. h6 fxg5 20. hxg7
Rg8 21. gxf8=Q+ Rxf8 22. Rc1 g4 23. Nd4 h5 24. Qd2 Nc7 25. Qh6 Qxd4 26.
Qg6+ Rf7 27. Rxc7 Qxe5 28. Rxb7 Qf5 29. Qg8+ Rf8 30. Qg7 Rf7 31. Qh8+ Rf8
32. Qd4 Qd5 33. Qxd5 exd5 34. Nc3 Rd8 35. Re1 Rd7 36. Rxd7 Kxd7 37. Nxd5
Bc5 38. Nf4 h4 39. Rd1+ Ke8 40. Nd3 Bb6 41. gxh4 g3 42. Rd2 gxf2+ 43. Nxf2
Rh8 44. Kg2 Rxh4 45. Kf3 Rd4 46. Rxd4 Bxd4 47. Nd3 Kd7 48. Ke4 Bb6 49. Kd5
Kc7 50. Nc5 Ba5 51. b4 Bb6 52. a4 Bxc5 53. Kxc5 Kb7 54. Kb5 a6+ 55. Kc5 Kc7
56. a5 Kb7 57. Kd6 1-0

[Event "Caplin British Online"]
[Site "chess.com INT"]
[Date "2021.01.03"]
[Round "9.10"]
[White "Gurner, Jem"]
[Black "Blackburn, Jonathan L B"]
[Result "0-1"]
[WhiteElo "1901"]
[BlackElo "2010"]
[ECO "A40"]
[Opening "Queen's pawn"]
[TimeControl "3600+15"]
[EventDate "2020.12.21"]
[BlackFideId "1801090"]

1. d4 e6 2. Nc3 Bb4 3. Bf4 Nf6 4. Nf3 b6 5. g3 Bb7 6. Bg2 d6 7. O-O Bxc3 8.
bxc3 Nbd7 9. c4 Qe7 10. c3 O-O 11. a4 a5 12. Bc1 e5 13. Ba3 Rab8 14. Re1 e4
15. Nh4 Ng4 16. h3 Nh6 17. Qd2 f5 18. Bh1 f4 19. Ng2 e3 20. fxe3 fxg3 21.
Rf1 Qe6 22. Nf4 Rxf4 23. exf4 Bxh1 24. f5 Qe4 25. e3 Bf3 26. Rxf3 Qxf3 27.
Rf1 Qe4 28. Rf4 Qb1+ 29. Kg2 Nf6 30. Qe2 Re8 31. c5 Nxf5 32. cxd6 Nxe3+ 33.
Kxg3 Nf5+ 34. Rxf5 Rxe2 0-1

[Event "Caplin British Online"]
[Site "chess.com INT"]
[Date "2021.01.03"]
[Round "9.11"]
[White "Evans, Harry G"]
[Black "Volovich, Julia"]
[Result "1-0"]
[WhiteElo "2044"]
[BlackElo "1968"]
[ECO "A01"]
[Opening "Nimzovich-Larsen attack"]
[Variation "Indian variation"]
[TimeControl "3600+15"]
[EventDate "2020.12.21"]

1. b3 Nf6 2. Bb2 d5 3. Nf3 c5 4. e3 Nc6 5. c4 d4 6. exd4 cxd4 7. d3 e5 8.
Be2 Bd6 9. O-O O-O 10. Na3 Qe7 11. Nc2 h6 12. a3 a5 13. Re1 Be6 14. Bf1 Nd7
15. Rb1 f5 16. Qe2 Rf6 17. Nd2 g5 18. g3 g4 19. f4 gxf3 20. Nxf3 Kh7 21.
Kh1 Rg8 22. Bg2 Nf8 23. Nxe5 Nxe5 24. Bxd4 Nfg6 25. Bc3 f4 26. d4 f3 27.
Bxf3 Nxf3 28. d5 Nxe1 29. Rxe1 Bf5 30. Qf3 Be4 31. Qxe4 Rf1+ 32. Kg2 Rxe1
33. Qxe1 Qxe1 34. Nxe1 b6 35. Bd4 Bxa3 36. Bxb6 Rb8 37. c5 Rc8 38. d6 Bxc5
39. d7 Rb8 40. d8=Q Rxd8 41. Bxd8 Bb4 42. Nd3 Bc3 43. Nc5 Ne5 44. Bf6 Nd3
45. Be7 Nxc5 46. Bxc5 Kg6 47. Kf3 h5 48. Ke4 Kg5 49. Kf3 Kf5 50. h3 Be1 51.
g4+ hxg4+ 52. hxg4+ Ke5 53. Ke3 Bc3 54. Bb6 Bb4 55. Bd4+ Ke6 56. Kd3 Kd5
57. Bc3 Be7 58. Bxa5 Ke6 59. Ke4 Kf7 60. b4 Bd6 61. b5 Ke6 62. g5 Bb8 63.
Bb6 Bd6 64. Be3 Be7 65. b6 1-0

[Event "Caplin British Online"]
[Site "chess.com INT"]
[Date "2021.01.03"]
[Round "9.13"]
[White "Idle, Oscar"]
[Black "Shafi, Declan"]
[Result "1/2-1/2"]
[WhiteElo "2035"]
[BlackElo "1863"]
[ECO "A45"]
[Opening "Trompovsky attack (Ruth, Opovcensky opening)"]
[TimeControl "3600+15"]
[EventDate "2020.12.21"]

1. d4 Nf6 2. Bg5 e6 3. e4 h6 4. Bxf6 Qxf6 5. Nc3 Bb4 6. Qd3 b6 7. a3 Ba6 8.
Qe3 Bxc3+ 9. Qxc3 c5 10. Nf3 Bxf1 11. Rxf1 Nc6 12. e5 Qe7 13. O-O-O O-O 14.
d5 exd5 15. Rxd5 f6 16. Rfd1 fxe5 17. Rxd7 Qf6 18. Qc4+ Kh8 19. R7d6 Na5
20. Qd5 Qf4+ 21. Kb1 Nc4 22. Rd7 a5 23. b3 Nxa3+ 24. Kb2 Nb5 25. Nxe5 Qf6
26. c4 Rae8 27. f4 Nd4 28. Rxd4 cxd4 29. Rd6 Rxe5 30. Rxf6 Re2+ 31. Ka3
Rxf6 32. Qd8+ Kh7 33. Qxd4 Rxg2 34. Qe4+ Rgg6 35. h4 h5 36. Qe5 Kh6 37. Qe3
Rf5 38. Qe8 Kh7 39. Qe4 Rgf6 40. Qd3 Kh6 41. Qd8 Rxf4 42. Qh8+ Kg6 43. Qe8+
Rf7 44. Qd8 R7f6 45. Qe8+ Kh7 46. Qe1 Rg4 47. Qb1+ Kg8 48. Qe1 Kf7 49. Qh1
Kg6 50. Qe1 Kh7 51. Qb1+ Kh6 52. Qe1 Rff4 53. Qe6+ Rg6 54. Qe3 Rf6 55. Qe1
g5 56. hxg5+ Kxg5 57. Qg1+ Kh6 58. Qg8 h4 59. Qh8+ Kg5 60. Qg8+ Kh5 61.
Qe8+ Kg4 62. Qc8+ Kg3 63. Qg8+ Kh2 64. b4 Rf3+ 65. Ka4 axb4 66. Kxb4 h3 67.
Qg4 R6f4 68. Qg6 Rg3 69. Qd6 Rf2 70. Qd4 Rgf3 71. Qd6+ Kh1 72. Qg6 Rb2+ 73.
Ka4 h2 74. Qg4 Ra2+ 75. Kb4 Raa3 76. Kb5 Rab3+ 77. Ka4 Rbd3 78. Kb5 Rf6 79.
Qg5 Rdf3 80. Qg4 R6f4 81. Qg6 Rf5+ 82. Kb4 Rf2 83. Qg3 b5 84. cxb5 R5f3 85.
Qg5 Rg2 86. Qc1+ Rg1 87. Qd2 Rg4+ 88. Ka5 Kg1 89. Qe1+ Kg2 90. Qe2+ Kg3 91.
Qe1+ Kh3 92. b6 Rg1 93. Qe6+ Kg2 94. Qg4+ Kf2 95. Qh4+ Kg2 96. Qg4+ Rg3 97.
Qe2+ Kh3 98. Qh5+ Kg2 99. Qe2+ Kh3 100. Qh5+ Kg2 101. Qe2+ 1/2-1/2

[Event "Caplin British Online"]
[Site "chess.com INT"]
[Date "2021.01.03"]
[Round "9.14"]
[White "Finn, Peter"]
[Black "Gordon, Sean"]
[Result "1-0"]
[WhiteElo "1934"]
[BlackElo "1711"]
[ECO "D03"]
[Opening "Torre attack (Tartakower variation)"]
[TimeControl "3600+15"]
[EventDate "2020.12.21"]

1. d4 d5 2. Nf3 Nf6 3. Bg5 Ne4 4. Bh4 h5 5. h3 f6 6. Nfd2 g5 7. Nxe4 dxe4
8. Bg3 Nc6 9. d5 Nb4 10. c4 c6 11. a3 Na6 12. Nc3 h4 13. Bh2 Bf5 14. e3 Qd7
15. Be2 O-O-O 16. b4 c5 17. b5 Nc7 18. Qa4 Kb8 19. b6 1-0

[Event "Caplin British Online"]
[Site "chess.com INT"]
[Date "2021.01.03"]
[Round "9.15"]
[White "Arora, Tashika"]
[Black "Shearsby, Jude"]
[Result "1/2-1/2"]
[WhiteElo "1753"]
[BlackElo "1875"]
[ECO "A40"]
[Opening "Queen's pawn"]
[Variation "Lundin (Kevitz-Mikenas) defence"]
[TimeControl "3600+15"]
[EventDate "2020.12.21"]

1. d4 Nc6 2. c4 e5 3. d5 Nce7 4. Nc3 Nf6 5. e4 Ng6 6. Nf3 Bc5 7. Be2 O-O 8.
O-O d6 9. a3 a5 10. Bd2 Ne8 11. Qc1 f5 12. Be3 Bxe3 13. fxe3 f4 14. Kh1 Bg4
15. exf4 Nxf4 16. Qe3 Nf6 17. c5 Qe8 18. Nb5 Qd7 19. cxd6 cxd6 20. a4 Bh5
21. g3 Nxe2 22. Qxe2 Qg4 23. Nxd6 Nxe4 24. Nxe4 Rxf3 25. Nf2 Qd4 26. Rae1
Raf8 27. Qxe5 Rxf2 28. Qxd4 Bf3+ 29. Kg1 Rg2+ 30. Kh1 Rf2+ 31. Kg1 Rg2+ 32.
Kh1 Rf2+ 1/2-1/2

[Event "Caplin British Online"]
[Site "chess.com INT"]
[Date "2021.01.03"]
[Round "9.12"]
[White "Varney, Zoe"]
[Black "Goss, Alex"]
[Result "1/2-1/2"]
[WhiteElo "1785"]
[BlackElo "1836"]
[ECO "C01"]
[Opening "French"]
[Variation "exchange variation"]
[TimeControl "3600+15"]
[EventDate "2020.12.21"]

1. e4 e6 2. d4 d5 3. exd5 exd5 4. Nf3 Nf6 5. c4 dxc4 6. Bxc4 Bb4+ 7. Nc3
O-O 8. O-O Bg4 9. Be3 Nbd7 10. Rc1 Nb6 11. Bb3 c6 12. Re1 Nbd5 13. Bg5 Qa5
14. Bxf6 Nxf6 15. Qd3 Bf5 16. Qc4 Be6 17. Rxe6 fxe6 18. Qxe6+ Kh8 19. Ne5
Rae8 20. Nf7+ Rxf7 21. Qxf7 Bxc3 22. bxc3 Qa3 23. Rb1 Qa5 24. Rc1 Qa3 25.
Rb1 1/2-1/2

[Event "Caplin British Online"]
[Site "chess.com INT"]
[Date "2021.01.03"]
[Round "10.1"]
[White "Ghasi, Ameet K"]
[Black "Adams, Michael"]
[Result "0-1"]
[WhiteElo "2302"]
[BlackElo "2601"]
[ECO "A08"]
[Opening "Reti"]
[Variation "King's Indian attack"]
[TimeControl "600+5"]
[EventDate "2020.12.21"]
[BlackFideId "400041"]
[WhiteFideId "409200"]

1. Nf3 d5 2. g3 c5 3. Bg2 Nf6 4. O-O g6 5. d3 Bg7 6. Nbd2 O-O 7. e4 Nc6 8.
c3 e5 9. exd5 Nxd5 10. Re1 Re8 11. Nc4 Bf5 12. Ng5 Nb6 13. Qb3 Re7 14. Ne4
h6 15. Nxc5 Rc8 16. Ne3 Be6 17. Nxe6 Rxe6 18. a4 Rc7 19. a5 Nc8 20. Rd1 Rd6
21. a6 b6 22. Qb5 N8e7 23. b3 e4 24. d4 Nd5 25. Bd2 f5 26. Bf1 Kh7 27. Rac1
Nxe3 28. fxe3 Rd5 29. Qe2 Ra5 30. Ra1 Qg8 31. Rab1 Ra2 32. Qc4 Qc8 33. Qb5
Nb8 34. Ra1 Rxd2 35. Rxd2 Rxc3 36. Re1 Nc6 37. Bc4 h5 38. Kf2 h4 39. Qd5
Na5 40. Qe6 Qc7 41. Rg1 Nxc4 42. bxc4 Rxc4 43. Rg2 Rc2 44. Ke1 Rc1+ 45. Kf2
Qc3 46. Qa2 h3 47. Rg1 Rxg1 48. Kxg1 Qc1+ 49. Kf2 Qh1 50. Ke2 Qxh2+ 51. Kd1
Qg1+ 52. Kc2 h2 0-1

[Event "Caplin British Online"]
[Site "chess.com INT"]
[Date "2021.01.03"]
[Round "11.1"]
[White "Adams, Michael"]
[Black "Ghasi, Ameet K"]
[Result "1/2-1/2"]
[WhiteElo "2580"]
[BlackElo "2316"]
[ECO "B40"]
[Opening "Sicilian defence"]
[TimeControl "600+5"]
[EventDate "2020.12.21"]
[BlackFideId "409200"]
[WhiteFideId "400041"]

1. e4 c5 2. Nf3 e6 3. g3 b6 4. Bg2 Bb7 5. Nc3 Nf6 6. d3 d6 7. O-O Nbd7 8.
Ng5 Qc7 9. f4 a6 10. f5 e5 11. a4 h6 12. Nh3 h5 13. Nf2 Be7 14. h3 g6 15.
fxg6 fxg6 16. Nd5 Qd8 17. Nxe7 Qxe7 18. Bg5 Qe6 19. h4 O-O 20. Bh3 Qe8 21.
Qd2 Rf7 22. Nd1 Nh7 23. Nc3 Ndf6 24. Rf2 Ng4 25. Bxg4 hxg4 26. Raf1 Rxf2
27. Rxf2 Qe6 28. Bh6 Bc6 29. Qe2 Nf6 30. Kh2 Ra7 31. Bg5 Nh7 32. Be3 Nf6
33. Bg5 Nh7 34. Be3 Rb7 35. b3 b5 36. axb5 axb5 37. Nd5 b4 38. Bh6 Rf7 39.
Ne3 Rxf2+ 40. Qxf2 Nf6 41. Kg1 Kh7 42. Bg5 Nxe4 43. dxe4 Bxe4 44. Nxg4 Bf5
45. Ne3 Kg8 46. h5 Be4 47. h6 d5 48. Qf6 Qxf6 49. Bxf6 d4 50. Nc4 Bxc2 51.
Nxe5 Kh7 52. Be7 d3 53. Nxd3 Bxd3 54. Bxc5 Bc2 55. Bxb4 Bxb3 56. Bd2 Bc2
57. Bg5 Bd3 58. Kf2 Bb1 1/2-1/2